Map: Dusk Towers

Players

BunnyWillis - Winner!

  • Race: Terran Terran
  • League: Grandmaster

Joneahboii

  • Race: Zerg Zerg
  • League: Master

VOD

Have the link to the VOD?

Description

Time

  • Played on: Nov. 23, 2015, 2:38 a.m.
  • Length: 12:03
Show
View Real Time Build Order
Export as new Build Order

BunnyWillis Terran - Winner!

Build Orders: Command Center First (CC), MMM Bio 

Get SALT Encoding   

  12  0:01  SCV  
  13  0:13  SCV  
  14  0:22  Supply Depot  
  14  0:25  SCV  
  15  0:44  SCV  
  16  0:58  Command Center  
  16  1:00  SCV  
  17  1:12  Barracks  
  17  1:13  SCV  
  18  1:26  SCV  
  19  1:38  SCV  
  20  1:50  SCV  
  21  1:56  Command Center  
  21  2:00  Marine  
  22  2:05  Orbital Command  
  22  2:16  Orbital Command  
  22  2:18  Marine  
  23  2:31  SCV  
  23  2:36  Marine  
  24  2:42  SCV, Supply Depot  
  24  2:43  SCV  
  26  2:45  Barracks  
  26  2:54  SCV, Marine  
  26  2:55  SCV  
  26  2:57  Barracks  
  29  2:59  Barracks  
  29  3:06  SCV  
  29  3:07  SCV  
  31  3:15  Barracks  
  31  3:19  SCV  
  32  3:20  SCV  
  32  3:23  Orbital Command  
  32  3:24  Marine  
  34  3:30  Refinery  
  34  3:31  SCV, Refinery  
  34  3:33  SCV  
  36  3:35  Marine  
  37  3:42  Marine  
  37  3:45  Marine x2  
  37  3:48  SCV x2  
  41  3:49  SCV  
  41  3:53  Marine  
  44  3:59  Marine  
  45  4:03  Marine x2  
  45  4:04  SCV x3, Barracks Tech Lab  
  45  4:09  Supply Depot  
  50  4:10  Engineering Bay  
  50  4:11  Marine  
  50  4:12  Engineering Bay  
  50  4:13  Refinery  
  50  4:16  SCV x3  
  54  4:20  Marine  
  54  4:21  Marine x2  
  54  4:22  Marine  
  58  4:25  Stimpack  
  58  4:28  SCV x2  
  58  4:29  SCV  
  61  4:36  Refinery  
  61  4:40  SCV x2, Marine  
  61  4:41  SCV, Marine x3  
  61  4:42  Marine  
  68  4:53  Terran Infantry Weapons Level 1, Terran Infantry Armor Level 1  
  68  4:58  Marine  
  69  5:02  Supply Depot  
  69  5:05  Marine x4  
  70  5:11  SCV  
  70  5:12  SCV x2  
  73  5:14  Factory  
  73  5:24  Barracks Tech Lab x2  
  73  5:25  Barracks Reactor  
  73  5:28  Barracks Reactor  
  73  5:31  Barracks x2  
  73  5:32  Barracks Reactor, Bunker  
  72  5:47  Combat Shields, Marauder x2  
  72  5:49  SCV x2  
  78  5:51  Orbital Command  
  78  6:02  Marine x2  
  78  6:03  Starport  
  80  6:04  SCV x2  
  80  6:07  Factory Reactor  
  80  6:09  Supply Depot, Marauder  
  80  6:11  Supply Depot  
  84  6:14  Supply Depot  
  84  6:17  SCV  
  87  6:18  Marauder  
  87  6:19  SCV  
  87  6:20  SCV  
  87  6:25  Armory  
  89  6:28  Barracks Reactor x2  
  89  6:31  Marine x3  
  92  6:33  SCV  
  92  6:34  SCV  
  92  6:35  SCV  
  95  6:41  Concussive Shells  
  95  6:46  SCV x2  
  97  6:47  SCV  
  97  6:48  Factory Reactor  
  97  6:52  Supply Depot x2  
  97  6:53  Supply Depot  
  98  6:55  Supply Depot  
  98  6:56  Medivac x2  
  98  6:58  SCV  
  103  7:05  Marauder x2, Marine x6  
  103  7:08  Marine x4  
  113  7:11  Refinery  
  117  7:17  Supply Depot  
  117  7:18  SCV x3  
  117  7:19  Supply Depot  
  117  7:21  Refinery  
  120  7:24  Marine  
  120  7:25  Marine x5  
  120  7:26  Marauder x2  
  120  7:28  Medivac  
  120  7:29  Medivac  
  134  7:30  Widow Mine  
  134  7:32  Widow Mine  
  134  7:36  SCV x3  
  141  7:41  Supply Depot  
  141  7:42  Supply Depot  
  141  7:49  Marauder, Marine x2  
  141  7:50  Marine x6, Marauder  
  141  7:51  Marine x2  
  154  7:56  Terran Infantry Weapons Level 2  
  154  7:58  Terran Infantry Armor Level 2  
  155  8:07  Marine  
  155  8:08  Marine  
  155  8:11  Widow Mine x2, Medivac x2  
  155  8:12  Marine x3  
  150  8:13  Marine x4  
  152  8:25  Marine  
  145  8:28  Marine x3  
  145  8:34  Marine x4  
  146  8:35  Marauder, Marine x2  
  152  8:45  Marine x2  
  152  8:46  Marauder, Marine  
  151  8:54  Widow Mine x2  
  151  8:55  Medivac x2  
  156  8:56  Marauder  
  156  8:58  Command Center  
  156  9:00  Factory  
  160  9:04  Marine x2  
  160  9:05  Marine x4  
  160  9:06  Marine x3  
  160  9:08  Marauder  
  171  9:17  Marauder  
  171  9:19  Marine  
  171  9:22  Marine x2  
  171  9:23  Widow Mine, Marine x3  
  181  9:28  Widow Mine  
  170  9:39  Marine x3  
  170  9:40  Marauder x2, Marine x2  
  170  9:41  Marine x2  
  170  9:42  Marine x2  
  157  9:56  Marine  
  157  9:57  Marine x2  
  157  9:58  Marine  
  157  9:59  Marine x2  
  154  10:01  Factory Tech Lab, Widow Mine  
  154  10:02  Marauder x2, Widow Mine  
  159  10:11  Marine  
  159  10:12  Marine x3  
  162  10:14  Marine  
  163  10:23  Marauder x2  
  166  10:31  Marine x2  
  165  10:37  Marine  
  165  10:38  Marine x7  
  165  10:40  Planetary Fortress  
  173  10:44  Marauder  
  173  10:45  Marauder  
  173  10:48  Marine  
  173  10:49  Barracks, Marine  
  173  10:50  Barracks  
  173  10:55  Marine x2  
  173  10:56  Marine x6  
  181  10:57  Siege Tank  
  181  11:01  Widow Mine  
  181  11:02  Widow Mine  
  188  11:06  Marine, Marauder x2  
  192  11:14  Marine x5  
  192  11:15  Marine x4  
  200  11:28  Command Center  
Show
View Real Time Build Order
Export as new Build Order

Joneahboii Zerg 

Build Orders: Hatch First 

Get SALT Encoding   

  12  0:00  Drone  
  13  0:12  Overlord  
  13  0:17  Drone  
  14  0:30  Drone x2  
  14  0:35  Drone  
  17  0:52  Hatchery  
  17  0:55  Drone  
  17  0:59  Drone  
  17  1:02  Extractor  
  17  1:14  Spawning Pool  
  17  1:17  Drone  
  17  1:20  Drone  
  18  1:33  Drone  
  19  1:43  Overlord  
  19  1:50  Drone  
  20  2:01  Queen  
  20  2:04  Queen  
  24  2:10  Zergling x2  
  24  2:11  Drone  
  24  2:13  Drone  
  27  2:20  Drone  
  27  2:22  Drone  
  29  2:25  Drone  
  30  2:34  Drone  
  31  2:44  Hatchery  
  31  2:46  Roach Warren  
  31  2:49  Drone  
  31  2:50  Drone  
  31  2:57  Overlord  
  31  3:17  Overlord  
  31  3:26  Roach x6  
  43  3:35  Roach x3  
  43  3:40  Roach  
  51  3:48  Overlord x2  
  51  3:57  Drone x6  
  51  3:59  Drone  
  58  4:03  Overlord  
  58  4:11  Ravager  
  58  4:12  Ravager  
  58  4:14  Queen  
  62  4:20  Overlord  
  62  4:28  Drone x6  
  68  4:33  Ravager  
  68  4:38  Drone  
  68  4:39  Drone x5  
  68  4:43  Overlord  
  74  4:51  Overlord  
  74  4:55  Drone x5  
  74  4:58  Overlord  
  79  5:01  Overlord  
  79  5:03  Overlord  
  75  5:10  Roach x3  
  81  5:14  Extractor x2  
  81  5:17  Zergling x4  
  81  5:29  Overlord  
  81  5:33  Overlord  
  81  5:38  Overlord  
  81  5:42  Overlord  
  81  5:50  Metabolic Boost, Lair  
  81  5:52  Drone x2  
  81  5:53  Drone  
  81  5:56  Drone x3  
  87  5:57  Drone  
  87  5:58  Drone x7, Extractor  
  87  6:01  Ravager  
  95  6:04  Hatchery  
  95  6:07  Zergling x6  
  95  6:08  Overlord  
  97  6:15  Evolution Chamber  
  97  6:17  Evolution Chamber  
  94  6:29  Overlord  
  94  6:34  Drone  
  94  6:35  Drone  
  94  6:38  Drone x5, Overlord, Extractor  
  94  6:39  Extractor  
  99  6:42  Drone x2  
  99  6:44  Zerg Ground Armor Level 1, Zerg Melee Weapons Level 1  
  101  6:48  Drone x2  
  101  6:49  Baneling Nest  
  101  6:53  Hatchery  
  101  6:55  Drone x4  
  101  6:56  Drone  
  106  7:02  Pneumatized Carapace  
  106  7:15  Drone x3, Spine Crawler x2  
  108  7:16  Spire, Drone x3, Spine Crawler  
  108  7:17  Spore Crawler  
  108  7:18  Drone x4  
  111  7:24  Zergling x6  
  114  7:36  Centrifical Hooks, Baneling x8  
  114  7:38  Ravager, Zergling x2  
  114  7:39  Zergling x10  
  114  7:42  Overlord  
  121  7:50  Roach x7  
  135  7:55  Roach x3  
  135  7:56  Zergling x4  
  143  8:00  Overlord  
  143  8:01  Overlord  
  143  8:04  Overlord  
  133  8:09  Zergling x4  
  133  8:12  Glial Reconstitution  
  118  8:15  Baneling x3  
  118  8:16  Overlord  
  118  8:18  Roach  
  118  8:19  Roach x5  
  122  8:23  Roach x2  
  122  8:24  Roach  
  110  8:27  Zergling x2  
  110  8:28  Zergling x8  
  110  8:29  Baneling x2  
  110  8:33  Roach x2  
  106  8:36  Zergling x4  
  100  8:46  Roach x5  
  103  8:49  Roach  
  103  8:53  Drone x3  
  103  8:54  Drone  
  109  8:57  Zerg Melee Weapons Level 2  
  109  9:03  Zerg Ground Armor Level 2  
  108  9:14  Baneling x2  
  108  9:15  Zergling x16  
  116  9:18  Baneling x2  
  116  9:19  Baneling x3  
  116  9:20  Baneling  
  116  9:24  Zergling x10  
  117  9:25  Zergling x2  
  117  9:26  Zergling x2  
  117  9:28  Baneling x4  
  117  9:29  Baneling  
  117  9:30  Zergling x2  
  117  9:31  Zergling x2  
  125  9:34  Queen  
  125  9:36  Overlord  
  110  9:49  Roach x8  
  110  9:51  Baneling x3  
  116  9:53  Zergling x2  
  116  9:54  Zergling x4  
  116  9:55  Zergling x2  
  116  9:57  Zergling x4  
  112  10:00  Roach  
  112  10:01  Roach  
  112  10:04  Roach  
  112  10:05  Roach  
  111  10:15  Roach  
  111  10:16  Roach x6  
  111  10:18  Baneling x4  
  111  10:20  Overseer  
  125  10:26  Overlord  
  119  10:42  Drone x3  
  118  10:50  Overlord  
  118  10:55  Zergling x4  
  118  10:56  Zergling x28  
  134  11:02  Corruptor x2  
  137  11:05  Corruptor  
  135  11:16  Baneling x8  
  135  11:20  Corruptor x2  
  139  11:27  Drone x3  
  139  11:28  Drone x2  
  144  11:35  Baneling x4  
  144  11:36  Baneling x3  
  143  11:41  Baneling x3  
  143  11:43  Hatchery  
  143  11:44  Overlord  
Tags
 
Add a new tag
Caveats
  • Supply blocks, unpowered buildings, or Contaminate may cause inaccurate times.
  • Supply counts are checked every 10 seconds.